cohdb
Replays
Latest Replays
All Replays
Popular Replays
Top Player Replays
Match Explorer
How It Works
Community
CoH3 Stats
Reddit
Sign in to upload your games and track your stats! →
Sign in with Steam
Match 45107223
Unlisted
Match 45107223
Overview
Messages
Build Orders
End
Construct Infanterie Kompanie
Grenadier Squad
Selects Mechanized Battlegroup
MG 42 Machine Gun Team
Grenadier Squad
Construct Luftwaffe Kompanie
Jäger Squad
Jäger Squad
Luftwaffe Officer Quarters
221 Scout Car
Selects Raid Package
Construct Panzer Kompanie
Selects StuG Assault Group
Stoßtruppen Squad
Stoßtruppen Squad
Panzer IV Medium Tank
Panzer Officer Quarters
Pioneer Squad
TheChip
0002
ConcernedApe
tank
0
0
Comments
sign in to comment!
No comments posted yet!